NYP
STATEN ISLAND YANKEES @ MAHONING VALLEY SCRAPPERS
09/25/2046
 
TOP OF THE 1ST
Staten Island Yankees batting - Pitching for Mahoning Valley Scrappers : RHP Ken Shear
Pitching: RHP Ken Shear
Batting: RHB Junki Nakamoto 0-0: Called Strike
0-1: Foul Ball, location: 2F
0-2: Ball
1-2: Strikes out looking
Batting: RHB Brian Warren 0-0: Ball
1-0: Ground out U3 (Groundball, 13, EV 83.1 MPH)
Batting: LHB Joe Vida 0-0: Ball
1-0: TRIPLE (Groundball, 3L, EV 94.4 MPH)
Batting: RHB Mike Zern 0-0: Foul Ball, location: 2F
0-1: Called Strike
0-2: Foul Ball, location: 2F
0-2: Strikes out looking
Top of the 1st over - 0 runs, 1 hit, 0 errors, 1 left on base; Staten Island 0 - Mahoning Valley 0
BOTTOM OF THE 1ST
Mahoning Valley Scrappers batting - Pitching for Staten Island Yankees : RHP Bobby Kosmicki
Pitching: RHP Bobby Kosmicki
Batting: RHB Carlos Salazar 0-0: Called Strike
0-1: Swinging Strike
0-2: Ball
1-2: Foul Ball, location: 2F
1-2: Ball
2-2: Ball
3-2: Base on Balls
Batting: RHB Willie Gonzales 0-0: Called Strike
0-1: Ball
Carlos Salazar steals 2nd base (no throw)
1-1: SINGLE (Flyball, 78S, EV 86.2 MPH)
Carlos Salazar to third
Batting: RHB Harris Leroux 0-0: Called Strike
0-1: Ball
1-1: Ball
2-1: Swinging Strike
2-2: Fly out, F3 (Popup, 3S, EV 88.1 MPH)
Batting: RHB Sergio Zamora 0-0: Called Strike
0-1: Ground out 5-3 (Groundball, 56S, EV 68.8 MPH)
Carlos Salazar scores
Willie Gonzales to second
Batting: LHB Adam Barry 0-0: Called Strike
0-1: Swinging Strike
0-2: Strikes out swinging
Bottom of the 1st over - 1 run, 1 hit, 0 errors, 1 left on base; Staten Island 0 - Mahoning Valley 1
TOP OF THE 2ND
Staten Island Yankees batting - Pitching for Mahoning Valley Scrappers : RHP Ken Shear
Batting: SHB Josh Parker 0-0: Ground out 6-3 (Groundball, 6M, EV 83.1 MPH)
Batting: RHB Nick Murray 0-0: Ground out 5-3 (Groundball, 56S, EV 80.6 MPH)
Batting: LHB Mike Schermerhorn 0-0: Foul Ball, location: 2F
0-1: Ball
1-1: Ball
2-1: Foul Ball, location: 2F
2-2: Foul Ball, location: 2F
2-2: Fly out, F8 (Flyball, 8RD, EV 88.1 MPH)
Top of the 2nd over - 0 runs, 0 hits, 0 errors, 0 left on base; Staten Island 0 - Mahoning Valley 1
BOTTOM OF THE 2ND
Mahoning Valley Scrappers batting - Pitching for Staten Island Yankees : RHP Bobby Kosmicki
Batting: RHB Reynaldo Herrera 0-0: Ball
1-0: Called Strike
1-1: Foul Ball, location: 2F
1-2: Ball
2-2: Fly out, F8 (Flyball, 8RD, EV 108.1 MPH)
Batting: SHB Darius Vinson 0-0: Called Strike
0-1: Ball
1-1: Foul Ball, location: 2F
1-2: Ball
2-2: Foul Ball, location: 2F
2-2: Strikes out swinging
Batting: LHB John Dietrich 0-0: Called Strike
0-1: Ball
1-1: Fly out, F9 (Line Drive, 9, EV 97.5 MPH)
Bottom of the 2nd over - 0 runs, 0 hits, 0 errors, 0 left on base; Staten Island 0 - Mahoning Valley 1
TOP OF THE 3RD
Staten Island Yankees batting - Pitching for Mahoning Valley Scrappers : RHP Ken Shear
Batting: RHB Nate Singleton 0-0: Called Strike
0-1: Foul Ball, location: 2F
0-2: Ball
1-2: Ball
2-2: Foul Ball, location: 2F
2-2: Foul Ball, location: 2F
2-2: Ground out 6-3 (Groundball, 56, EV 103.1 MPH)
Batting: RHB Alex Blanco 0-0: Ball
1-0: Ball
2-0: Ball
3-0: Called Strike
3-1: Foul Ball, location: 2F
3-2: Strikes out swinging
Batting: RHB Junki Nakamoto 0-0: Ball
1-0: Swinging Strike
1-1: Foul Ball, location: 2F
1-2: Ball
2-2: Ground out 6-3 (Groundball, 6, EV 106.2 MPH)
Top of the 3rd over - 0 runs, 0 hits, 0 errors, 0 left on base; Staten Island 0 - Mahoning Valley 1
BOTTOM OF THE 3RD
Mahoning Valley Scrappers batting - Pitching for Staten Island Yankees : RHP Bobby Kosmicki
Batting: SHB Dave Reynoso 0-0: Ball
1-0: Foul Ball, location: 2F
1-1: Foul Ball, location: 2F
1-2: Foul Ball, location: 2F
1-2: Ball
2-2: Strikes out swinging
Batting: RHB Carlos Salazar 0-0: Foul Ball, location: 2F
0-1: Ground out 4-3 (Groundball, 4M, EV 86.2 MPH)
Batting: RHB Willie Gonzales 0-0: DOUBLE (Line Drive, 89D, EV 103.8 MPH)
Batting: RHB Harris Leroux 0-0: Swinging Strike
0-1: Swinging Strike
0-2: Strikes out swinging
Bottom of the 3rd over - 0 runs, 1 hit, 0 errors, 1 left on base; Staten Island 0 - Mahoning Valley 1
TOP OF THE 4TH
Staten Island Yankees batting - Pitching for Mahoning Valley Scrappers : RHP Ken Shear
Batting: RHB Brian Warren 0-0: Ball
1-0: Ball
2-0: Called Strike
2-1: Fly out, F9 (Flyball, 9, EV 86.2 MPH)
Batting: LHB Joe Vida 0-0: Foul Ball, location: 2F
0-1: Ball
1-1: Foul Ball, location: 2F
1-2: Foul Ball, location: 2F
1-2: Strikes out swinging
Batting: RHB Mike Zern 0-0: Ball
1-0: Ball
2-0: Fly out, F9 (Flyball, 89D, EV 80.0 MPH)
Top of the 4th over - 0 runs, 0 hits, 0 errors, 0 left on base; Staten Island 0 - Mahoning Valley 1
BOTTOM OF THE 4TH
Mahoning Valley Scrappers batting - Pitching for Staten Island Yankees : RHP Bobby Kosmicki
Batting: RHB Sergio Zamora 0-0: Called Strike
0-1: Ball
1-1: Swinging Strike
1-2: Ball
2-2: Foul Ball, location: 2F
2-2: Ball
3-2: DOUBLE (Line Drive, 78XD, EV 112.5 MPH)
Batting: LHB Adam Barry 0-0: Foul Ball, location: 2F
0-1: Ball
1-1: Called Strike
1-2: Ball
2-2: Foul Ball, location: 2F
2-2: Strikes out looking
Batting: RHB Reynaldo Herrera 0-0: Ball
1-0: Called Strike
1-1: Swinging Strike
1-2: Ball
2-2: Ball
3-2: Strikes out swinging
Batting: SHB Darius Vinson 0-0: Called Strike
0-1: Ball
1-1: Called Strike
1-2: Ground out 3-1 (Groundball, 34S, EV 78.8 MPH)
Bottom of the 4th over - 0 runs, 1 hit, 0 errors, 1 left on base; Staten Island 0 - Mahoning Valley 1
TOP OF THE 5TH
Staten Island Yankees batting - Pitching for Mahoning Valley Scrappers : RHP Ken Shear
Batting: SHB Josh Parker 0-0: Ball
1-0: Foul Ball, location: 2F
1-1: Ball
2-1: Foul Ball, location: 2F
2-2: Strikes out swinging
Batting: RHB Nick Murray 0-0: Ball
1-0: Foul Ball, location: 2F
1-1: SINGLE (Line Drive, 5D, EV 98.8 MPH)
Batting: LHB Mike Schermerhorn 0-0: Called Strike
0-1: Fly out, F8 (Flyball, 8RM, EV 86.2 MPH)
Batting: RHB Nate Singleton 0-0: Ball
1-0: Fielders Choice at 2nd, 6-4 (Groundball, 56, EV 84.4 MPH)
Top of the 5th over - 0 runs, 1 hit, 0 errors, 1 left on base; Staten Island 0 - Mahoning Valley 1
BOTTOM OF THE 5TH
Mahoning Valley Scrappers batting - Pitching for Staten Island Yankees : RHP Bobby Kosmicki
Batting: LHB John Dietrich 0-0: Foul Ball, location: 2F
0-1: Called Strike
0-2: Ball
1-2: Foul Ball, location: 2F
1-2: Ground out 5-3 (Groundball, 56S, EV 81.2 MPH)
Batting: SHB Dave Reynoso 0-0: Ground out 5-3 (Groundball, 56, EV 79.4 MPH)
Batting: RHB Carlos Salazar 0-0: Called Strike
0-1: Fly out, F9 (Flyball, 89M, EV 92.5 MPH)
Bottom of the 5th over - 0 runs, 0 hits, 0 errors, 0 left on base; Staten Island 0 - Mahoning Valley 1
TOP OF THE 6TH
Staten Island Yankees batting - Pitching for Mahoning Valley Scrappers : RHP Ken Shear
Batting: RHB Alex Blanco 0-0: Foul Ball, location: 2F
0-1: Ball
1-1: Foul Ball, location: 2F
1-2: Foul Ball, location: 2F
1-2: Ground out 6-3 (Groundball, 6, EV 86.9 MPH)
Batting: RHB Junki Nakamoto 0-0: Foul Ball, location: 2F
0-1: Ball
1-1: Called Strike
1-2: Ground out 5-3 (Groundball, 56S, EV 88.1 MPH)
Batting: RHB Brian Warren 0-0: Called Strike
0-1: Ball
1-1: Ball
2-1: Ball
3-1: Base on Balls
Pitching: RHP Ian Nordquist
Batting: LHB Joe Vida 0-0: Ball
1-0: Ball
2-0: Swinging Strike
2-1: Ball
3-1: Swinging Strike
3-2: Ground out U3 (Groundball, 3, EV 77.5 MPH)
Top of the 6th over - 0 runs, 0 hits, 0 errors, 1 left on base; Staten Island 0 - Mahoning Valley 1
BOTTOM OF THE 6TH
Mahoning Valley Scrappers batting - Pitching for Staten Island Yankees : RHP Bobby Kosmicki
Batting: RHB Willie Gonzales 0-0: Foul Ball, location: 2F
0-1: Ball
1-1: Ball
2-1: Foul Ball, location: 2F
2-2: Ball
3-2: Base on Balls
Batting: RHB Harris Leroux 0-0: Ball
1-0: Fly out, F2 (Popup, 23F, EV 88.1 MPH)
Batting: RHB Sergio Zamora 0-0: Fielders Choice at 2nd, 6-4 (Groundball, 6M, EV 83.1 MPH)
Batting: LHB Adam Barry 0-0: Ball
Pickoff Throw to First - Out! 1-3 CS
Bottom of the 6th over - 0 runs, 0 hits, 0 errors, 0 left on base; Staten Island 0 - Mahoning Valley 1
TOP OF THE 7TH
Staten Island Yankees batting - Pitching for Mahoning Valley Scrappers : RHP Ian Nordquist
Batting: RHB Mike Zern 0-0: Called Strike
0-1: Swinging Strike
0-2: Foul Ball, location: 2F
0-2: Foul Ball, location: 2F
0-2: Ball
1-2: Ball
2-2: Ball
3-2: Ground out 5-3 (Groundball, 56, EV 98.8 MPH)
Batting: SHB Josh Parker 0-0: Ball
1-0: Foul Ball, location: 2F
1-1: Foul Ball, location: 2F
1-2: Ball
2-2: Ball
3-2: Ground out 4-3 (Groundball, 4, EV 86.2 MPH)
Batting: RHB Nick Murray 0-0: Called Strike
0-1: Ground out 1-3 (Groundball, 15, EV 73.8 MPH)
Top of the 7th over - 0 runs, 0 hits, 0 errors, 0 left on base; Staten Island 0 - Mahoning Valley 1
BOTTOM OF THE 7TH
Mahoning Valley Scrappers batting - Pitching for Staten Island Yankees : RHP Bobby Kosmicki
Pitching: RHP Nate LaCava
Batting: LHB Adam Barry 0-0: Ball
1-0: Called Strike
1-1: Foul Ball, location: 2F
1-2: Foul Ball, location: 2F
1-2: Foul Ball, location: 2F
1-2: Fly out, F5 (Popup, 5L, EV 66.9 MPH)
Batting: RHB Reynaldo Herrera 0-0: Foul Ball, location: 2F
0-1: Foul Ball, location: 2F
0-2: Ball
1-2: Strikes out swinging
Batting: SHB Darius Vinson 0-0: Ball
1-0: Foul Ball, location: 2F
1-1: Ball
2-1: Foul Ball, location: 2F
2-2: Foul Ball, location: 2F
2-2: Strikes out swinging
Bottom of the 7th over - 0 runs, 0 hits, 0 errors, 0 left on base; Staten Island 0 - Mahoning Valley 1
TOP OF THE 8TH
Staten Island Yankees batting - Pitching for Mahoning Valley Scrappers : RHP Ian Nordquist
Batting: LHB Mike Schermerhorn 0-0: Called Strike
0-1: SINGLE (Groundball, 6MD, EV 100.0 MPH)
Pinch Hitting: SHB Tadaaki Kondo 0-0: Ball
1-0: Ball
2-0: Foul Ball, location: 2F
2-1: Swinging Strike
2-2: Ball
3-2: Strikes out swinging
Batting: RHB Alex Blanco 0-0: Called Strike
0-1: Called Strike
0-2: Ball
1-2: Ball
2-2: Ball
3-2: Foul Ball, location: 2F
3-2: Foul Ball, location: 2F
3-2: Foul Ball, location: 2F
3-2: Foul Ball, location: 2F
3-2: Base on Balls
Mike Schermerhorn to second
Pitching: RHP Chris Cohen
Batting: RHB Junki Nakamoto 0-0: Swinging Strike
0-1: Foul Ball, location: 2F
0-2: Ball
1-2: Ball
2-2: Strikes out swinging
Batting: RHB Brian Warren 0-0: Called Strike
0-1: Foul Ball, location: 2F
0-2: Strikes out swinging
Top of the 8th over - 0 runs, 1 hit, 0 errors, 2 left on base; Staten Island 0 - Mahoning Valley 1
BOTTOM OF THE 8TH
Mahoning Valley Scrappers batting - Pitching for Staten Island Yankees : RHP Nate LaCava
Now at SS: Adam Slade
Batting: LHB John Dietrich 0-0: Ball
1-0: Called Strike
1-1: Called Strike
1-2: Ball
2-2: Strikes out swinging
Batting: SHB Dave Reynoso 0-0: Hit by Pitch
Batting: RHB Carlos Salazar 0-0: Ball
Dave Reynoso steals 2nd, throwing error, E2
Dave Reynoso to third
1-0: Foul Ball, location: 2F
1-1: Fly out, F9 (Flyball, 89D, EV 93.8 MPH)
Runner from 3rd tags up, SCORES, throw by RF
Batting: RHB Willie Gonzales 0-0: Called Strike
0-1: Swinging Strike
0-2: Ball
1-2: Strikes out looking
Bottom of the 8th over - 1 run, 0 hits, 1 error, 0 left on base; Staten Island 0 - Mahoning Valley 2
TOP OF THE 9TH
Staten Island Yankees batting - Pitching for Mahoning Valley Scrappers : RHP Chris Cohen
Now at 3B: Mike Persinger
Batting: LHB Joe Vida 0-0: Ball
1-0: Ball
2-0: Ground out 6-3 (Groundball, 6M, EV 86.2 MPH)
Batting: RHB Mike Zern 0-0: Ball
1-0: Ball
2-0: Swinging Strike
2-1: Ball
3-1: Base on Balls
Batting: SHB Josh Parker 0-0: Swinging Strike
0-1: Foul Ball, location: 2F
0-2: Foul Ball, location: 2F
0-2: Ball
1-2: Strikes out swinging
Batting: RHB Nick Murray 0-0: Ball
1-0: Ball
2-0: Ground out 4-3 (Groundball, 34, EV 96.9 MPH)
Top of the 9th over - 0 runs, 0 hits, 0 errors, 1 left on base; Staten Island 0 - Mahoning Valley 2
Tuesday, September 13th , 2022 - OOTP Baseball 23.7 Build 88